[Event "*** SCC Grand Prix: Titled Tuesday Blitz"]
[Site "Chess.com"]
[Date "2020.07.21"]
[Round "3"]
[White "HElissalt"]
[Black "13MiRacLe"]
[Result "1-0"]
[WhiteElo "2262"]
[BlackElo "2630"]
[TimeControl "180+1"]
[EndTime "10:27:58 PDT"]
[Termination "HElissalt won on time"]

1. c4 e5 2. Nc3 Nf6 3. Nf3 Nc6 4. e4 d6 5. h3 g6 6. d3 Bg7 7. Bg5 h6 8. Be3 O-O 9. g4 Nd7 10. Qd2 Kh7 11. Bg2 Nc5 12. O-O-O a5 13. Kb1 a4 14. d4 exd4 15. Nxd4 a3 16. b3 Ne6 17. Ndb5 Nb4 18. f4 c6 19. Nxd6 Qa5 20. e5 Nc5 21.
Bxc5 Qxc5 22. Nce4 Qa5 23. Nf6+ Bxf6 24. exf6 Rd8 25. f5 Bxf5+ 26. gxf5 Rxd6 27. Qf2 Qe5 28. fxg6+ fxg6 29. Rhe1 Rxd1+ 30. Rxd1 Rf8 31. Rd7+ Kh8 32. f7 Qe6 33. Qd4+ Kh7 34. Be4 1-0

[Event "*** SCC Grand Prix: Titled Tuesday Blitz"]
[Site "Chess.com"]
[Date "2020.07.21"]
[Round "3"]
[White "David_Paravyan"]
[Black "wannabe2700"]
[Result "1-0"]
[WhiteElo "3005"]
[BlackElo "2682"]
[TimeControl "180+1"]
[EndTime "10:27:59 PDT"]
[Termination "David_Paravyan won by resignation"]

1. d4 Nf6 2. c4 b6 3. Nc3 Bb7 4. Qc2 d5 5. cxd5 Nxd5 6. Nf3 e6 7. e4 Nxc3 8. bxc3 Be7 9. Bb5+ c6 10. Bd3 c5 11.
Bb5+ Bc6 12. Bxc6+ Nxc6 13. O-O O-O 14. Rd1 cxd4 15.
cxd4 Rc8 16. Qa4 Qc7 17. g3 Na5 18. Bf4 Qc2 19. Qxc2 Rxc2 20. Rac1 Rfc8 21. Rxc2 Rxc2 22. d5 exd5 23. exd5 f6 24. d6 Bd8 25. Nd4 Rc8 26. d7 Rc4 27. Ne6 Nb7 28. Nxd8 Nxd8 29. Re1 Kf7 30.
Re8 Ra4 31. Rxd8 Ke7 32. Rg8 Kxd7 33. Rxg7+ Ke6 34. Rxh7 Rxa2 35. h4 b5 36. h5 Kf5 37.
Rb7 Kg4 38. h6 Kf3 39. h7 Ra1+ 40. Kh2 Ra2 41. Be3 1-0

[Event "*** SCC Grand Prix: Titled Tuesday Blitz"]
[Site "Chess.com"]
[Date "2020.07.21"]
[Round "3"]
[White "Undisputed92"]
[Black "rasmussvane"]
[Result "1-0"]
[WhiteElo "2646"]
[BlackElo "2885"]
[TimeControl "180+1"]
[EndTime "10:28:00 PDT"]
[Termination "Undisputed92 won by resignation"]

1. e4 c6 2. c4 d5 3. exd5 cxd5 4. cxd5 Nf6 5. Nc3 Nxd5 6. Nf3 Nc6 7. Bb5 g6 8. Qa4 Qd6 9. O-O Bg7 10. Ne4 Qc7 11. d4 O-O 12. Bxc6 bxc6 13. Bd2 Rb8 14. b3 Bg4 15. Ne5 Bf5 16. Rfe1 Bxe4 17. Rxe4 Rfc8 18.
Rc1 Bxe5 19. dxe5 Qd7 20. Bh6 Qe6 21. h3 Rc7 22. Rec4 Rbc8 23. Qa5 Qxe5 24. Re1 Qf6 25. Rd1 e6 26. h4 e5 27. Rxd5 cxd5 28. Rxc7 Re8 29. Qxd5 g5 30. Bxg5 Qg6 31. Rc6 Qf5 32. Qf3 Qd7 33. Rf6 Kf8 34. Bh6+ Ke7 35. Rxf7+ 1-0

[Event "*** SCC Grand Prix: Titled Tuesday Blitz"]
[Site "Chess.com"]
[Date "2020.07.21"]
[Round "3"]
[White "kidagent"]
[Black "ljuks68"]
[Result "0-1"]
[WhiteElo "2215"]
[BlackElo "2432"]
[TimeControl "180+1"]
[EndTime "10:28:00 PDT"]
[Termination "ljuks68 won by checkmate"]

1. e4 e6 2. d4 d5 3. Nc3 Bb4 4. e5 Ne7 5. a3 Bxc3+ 6. bxc3 c5 7. Qg4 Qc7 8. Qxg7 Rg8 9. Qxh7 cxd4 10. Ne2 Nbc6 11.
f4 dxc3 12. Nxc3 Nxe5 13. Nb5 Qb8 14. Bb2 N5c6 15. g3 a6 16. Nd4 Bd7 17. Bd3 Qa7 18. c3 O-O-O 19. O-O f6 20. Kg2 Rh8 21. Qg7 e5 22.
fxe5 Bh3+ 23. Kh1 fxe5 24. Nxc6 Nxc6 25. Rf7 Qe3 26. Rc7+ Kb8 27. Rxb7+ Ka8 28. Rf7 Qxd3 29. Re1 Be6 30. Rf6 Rdg8 31. Qc7 Nd8 32. Qb6 Qxg3 33. Qxa6+ Kb8 34. Qb6+ Nb7 35. Qxe6 Qxh2# 0-1

[Event "*** SCC Grand Prix: Titled Tuesday Blitz"]
[Site "Chess.com"]
[Date "2020.07.21"]
[Round "3"]
[White "Morshynska"]
[Black "Agibileg"]
[Result "0-1"]
[WhiteElo "2170"]
[BlackElo "2404"]
[TimeControl "180+1"]
[EndTime "10:28:00 PDT"]
[Termination "Agibileg won on time"]

1. e4 c5 2. Nf3 e6 3. d4 cxd4 4.
Nxd4 Nc6 5. Nc3 a6 6. Be2 Qc7 7. O-O Nf6 8. Kh1 Be7 9. f4 d6 10. Be3 O-O 11. Qe1 Nxd4 12. Bxd4 b5 13. a3 Bb7 14. Qg3 Rad8 15. Rae1 Rfe8 16. e5 dxe5 17.
Bxe5 Qb6 18. Bd3 b4 19. axb4 Qxb4 20. f5 exf5 21. Rxf5 Qg4 22. Qxg4 Nxg4 23. Bg3 Bf6 24. Rff1 Ne3 25. Rf2 h5 26. h3 h4 27. Bf4 Nxg2 28.
Rxe8+ Rxe8 29. Rxg2 Re1+ 30. Kh2 Bd4 31. Bg5 Bxg2 32. Kxg2 Rg1+ 33. Kf3 Rxg5 34. Bxa6 Rg3+ 35. Ke4 Bxc3 36. bxc3 Rxc3 37. Bd3 g6 38. Kd4 Rc8 39. c4 Kf8 40. c5 Ke7 41. c6 Rxc6 42. Be4 Ra6 43. Ke5 Ra3 44. Bg2 Rg3 45. Bf1 f6+ 46. Kf4 g5+ 47. Kf5 Rf3+ 0-1

[Event "*** SCC Grand Prix: Titled Tuesday Blitz"]
[Site "Chess.com"]
[Date "2020.07.21"]
[Round "3"]
[White "mirochka"]
[Black "Manukyan_Artak"]
[Result "0-1"]
[WhiteElo "2164"]
[BlackElo "2392"]
[TimeControl "180+1"]
[EndTime "10:28:00 PDT"]
[Termination "Manukyan_Artak won by checkmate"]

1. e4 c6 2. d4 d5 3. e5 Bf5 4. Nf3 e6 5. Be2 c5 6. Be3 Nd7 7. c4 dxc4 8. Nbd2 b5 9. a4 a6 10. O-O Nh6 11. dxc5 Bxc5 12. Bxc5 Nxc5 13. axb5 axb5 14.
b3 O-O 15. bxc4 b4 16. Rxa8 Qxa8 17. Nd4 Qa3 18. N2b3 Nxb3 19. Nxb3 Be4 20. Bf3 Bxf3 21. Qxf3 Nf5 22. g4 Nh4 23. Qg3 Ng6 24. Rb1 Qa2 25. Rc1 Qb2 26. c5 Qxe5 27. Qxe5 Nxe5 28. c6 Rc8 29. c7 Kf8 30. Rc5 Nxg4 31. Rc4 Ne5 32. Rc5 Nd7 33. Rc4 Ke7 34. Nd4 Ne5 35. Rxb4 Rxc7 36.
f4 Nd3 37. Ra4 Nxf4 38. Nf5+ exf5 39. Rxf4 Kf6 40. Kg2 g5 41. Ra4 g4 42. Kg3 Rc3+ 43. Kh4 Rh3# 0-1

[Event "*** SCC Grand Prix: Titled Tuesday Blitz"]
[Site "Chess.com"]
[Date "2020.07.21"]
[Round "3"]
[White "mfwagnerpeixoto"]
[Black "NikolaGry"]
[Result "0-1"]
[WhiteElo "2280"]
[BlackElo "2637"]
[TimeControl "180+1"]
[EndTime "10:28:01 PDT"]
[Termination "NikolaGry won on time"]

1. e4 c5 2. Nf3 Nf6 3. e5 Nd5 4. Nc3 Nxc3 5. dxc3 Nc6 6. Bc4 e6 7. O-O d5 8. exd6 Qxd6 9. Qe2 Be7 10. Rd1 Qc7 11. Bg5 O-O 12. Rd2 Bxg5 13. Nxg5 Qe5 14. Qxe5 Nxe5 15. Bf1 b6 16. Rad1 Bb7 17. f4 Ng6 18. g3 h6 19. Nh3 Bc6 20. Bg2 Ne7 21. Rd7 Bxd7 22. Bxa8 Ba4 23. Be4 f5 24. b3 fxe4 25.
bxa4 Nd5 26. c4 Nc3 27. Re1 Rd8 28. Nf2 Rd2 29. Nxe4 Nxe4 30. Rxe4 Rxc2 31. Rxe6 Rxc4 32. a5 b5 33. Ra6 Ra4 34. Rxa7 Rxa2 35. Rc7 c4 36. Rc5 b4 37. Rxc4 b3 0-1

[Event "*** SCC Grand Prix: Titled Tuesday Blitz"]
[Site "Chess.com"]
[Date "2020.07.21"]
[Round "3"]
[White "Andrei_Belozerov"]
[Black "ambaixador"]
[Result "1-0"]
[WhiteElo "2556"]
[BlackElo "2319"]
[TimeControl "180+1"]
[EndTime "10:28:01 PDT"]
[Termination "Andrei_Belozerov won by resignation"]

1. e4 c5 2. Nf3 d6 3. d4 cxd4 4.
Nxd4 Nf6 5. Nc3 a6 6. Be3 e5 7. Nb3 Be6 8. f3 Nbd7 9. Qd2 Be7 10. g4 Qc7 11. O-O-O b5 12. g5 Nh5 13. Kb1 Rc8 14. Rg1 Nb6 15. Nd5 Bxd5 16. exd5 Nc4 17. Bxc4 bxc4 18.
Na5 c3 19. Qxc3 Qxc3 20. bxc3 Rxc3 21. Rd3 Rxd3 22. cxd3 Kd7 23. Nc6 Nf4 24. Bxf4 exf4 25.
Kc2 h6 26. g6 fxg6 27. Rxg6 Bf6 28. Rg1 Re8 29. Kd2 Kc7 30. d4 Rc8 31. Re1 Kd7 32.
Kd3 Kc7 33. a4 Kb6 34. Rb1+ Kc7 35. Na5 Kd7 36. Rb7+ Rc7 37. Rxc7+ Kxc7 38. Nc4 Bh4 39. Ke4 Bf2 40. Kxf4 Bxd4 41. Kf5 Kd7 42. Kg6 Ke7 43. h4 Kd7 44. h5 Ke7 45. f4 Bc3 46. f5 Bd4 47. Nd2 Be5 48. Ne4 Bd4 49. Ng3 Be3 50. f6+ Kf8 51. fxg7+ 1-0

[Event "*** SCC Grand Prix: Titled Tuesday Blitz"]
[Site "Chess.com"]
[Date "2020.07.21"]
[Round "3"]
[White "Sacbutt"]
[Black "ASVZ"]
[Result "0-1"]
[WhiteElo "2264"]
[BlackElo "2455"]
[TimeControl "180+1"]
[EndTime "10:28:01 PDT"]
[Termination "ASVZ won on time"]

1. e4 e6 2. d3 d5 3. Nd2 Nc6 4. Ngf3 Nf6 5. g3 dxe4 6. dxe4 e5 7. Bg2 Bc5 8. O-O a5 9. c3 b6 10. h3 Ba6 11. Re1 O-O 12. Qc2 Bd3 13. Qa4 b5 14. Qd1 Qd7 15. Nb3 Bb6 16. Bg5 a4 17. Bxf6 axb3 18. Bxe5 bxa2 19. Bd4 Nxd4 20. Qxd3 Nxf3+ 21. Qxf3 Qc6 22. e5 Qxf3 23. Bxf3 Ra5 24. Bd1 c5 25. e6 c4 26. exf7+ Rxf7 27. Re8+ Rf8 28. Rxf8+ Kxf8 29. Kf1 Ke7 30. Ke1 Kd6 31. f3 Be3 32. b3 Bc1 33. Rxc1 a1=Q 34. Rxa1 Rxa1 35. bxc4 bxc4 36. Kd2 Kc5 37. Bc2 Rg1 38. g4 h6 39. h4 Rg2+ 40. Kd1 Rh2 41. h5 Rf2 42. Be4 Kd6 43. Ke1 Rb2 44. Kd1 Ke5 45. Bc6 Kf4 46. Bd5 Rh2 47.
Bxc4 Kxf3 48. Be6 Ke3 49. c4 Kd3 50. Ke1 Kd4 51. Kf1 Ke5 52. Kg1 Rc2 53. Bd5 Kf4 54.
Be6 Re2 55. Bf5 Kf3 56. Bd7 Rc2 57. Be6 Rd2 58. Bf5 Rb2 0-1

[Event "*** SCC Grand Prix: Titled Tuesday Blitz"]
[Site "Chess.com"]
[Date "2020.07.21"]
[Round "3"]
[White "crackcubano"]
[Black "Angel_Hranitel_37"]
[Result "1-0"]
[WhiteElo "2631"]
[BlackElo "2401"]
[TimeControl "180+1"]
[EndTime "10:28:02 PDT"]
[Termination "crackcubano won on time"]

1. Nf3 Nf6 2. c4 g6 3. g3 Bg7 4. Bg2 O-O 5. O-O d6 6. d4 Nc6 7. Nc3 Bf5 8. d5 Na5 9. Nd2 c6 10. e4 Bg4 11. Qa4 cxd5 12. cxd5 a6 13. h3 b5 14. Qb4 Bd7 15. b3 Nb7 16. Bb2 Nc5 17. Qa3 a5 18. b4 axb4 19. Qxb4 Nd3 20. Qb3 b4 21. Nd1 Nxb2 22. Nxb2 Qb6 23. Ndc4 Qb7 24. Rfe1 Ne8 25. a4 Nc7 26. e5 Na6 27. exd6 Nc5 28.
Qe3 exd6 29. Nxd6 Qc7 30. Ndc4 Rfe8 31. d6 Rxe3 32. dxc7 Rxe1+ 33. Rxe1 Rc8 34. Nb6 Rxc7 35. Nxd7 Rxd7 36. Re8+ Bf8 37. a5 Ra7 38. Nc4 b3 39.
Rb8 Kg7 40. Bd5 Be7 41. Rb5 1-0

[Event "*** SCC Grand Prix: Titled Tuesday Blitz"]
[Site "Chess.com"]
[Date "2020.07.21"]
[Round "3"]
[White "sasko1234"]
[Black "Eternauta2400"]
[Result "1-0"]
[WhiteElo "2389"]
[BlackElo "2552"]
[TimeControl "180+1"]
[EndTime "10:28:03 PDT"]
[Termination "sasko1234 won by resignation"]

1. b3 e5 2. Bb2 Nc6 3. e3 Nf6 4. Nf3 e4 5. Nd4 Nxd4 6. Bxd4 d5 7. c4 c6 8. cxd5 cxd5 9. Bb5+ Nd7 10. Nc3 a6 11.
Bxd7+ Qxd7 12. Qh5 Qd6 13. Qxd5 f5 14. Rc1 Be6 15.
Qxb7 Rb8 16. Qa7 Rc8 17. O-O Be7 18. Bxg7 Rg8 19. Qd4 Kf7 20. Qxd6 Bxd6 21. Bd4 h5 22. Ne2 h4 23. Rxc8 Rxc8 24. Rc1 Rg8 25. Nf4 Bxf4 26. exf4 a5 27. Be3 a4 28. bxa4 Ra8 29. a3 Rxa4 30. Bc5 Bc4 31. Bb4 Bd3 32. f3 h3 33. fxe4 Bxe4 34. gxh3 Ra8 35. Kf2 Rh8 36. Rc7+ Ke6 37. Re7+ Kf6 38. Bc3+ Kxe7 39. Bxh8 Ke6 40. Be5 Kd5 41. d4 Kc4 42. h4 Bd5 43. h5 Bf7 44.
h6 Bg6 45. Kg3 Kd5 46. Kh4 1-0

[Event "*** SCC Grand Prix: Titled Tuesday Blitz"]
[Site "Chess.com"]
[Date "2020.07.21"]
[Round "3"]
[White "Gandrade2"]
[Black "awesomevishesh"]
[Result "0-1"]
[WhiteElo "2083"]
[BlackElo "2328"]
[TimeControl "180+1"]
[EndTime "10:28:03 PDT"]
[Termination "awesomevishesh won by checkmate"]

1. d4 Nf6 2. c4 g6 3. Nc3 Bg7 4. e4 d6 5. h3 O-O 6. Nf3 e5 7.
d5 a5 8. Be3 Na6 9. g4 Nd7 10.
Be2 Ndc5 11. Qc2 c6 12. Nd2 Bd7 13. O-O f5 14. f3 Bf6 15. a4 Bg5 16. Bf2 Bh4 17.
Nb3 Bxf2+ 18. Rxf2 Qh4 19. Bf1 Kh8 20. Nxc5 Nxc5 21.
Rd1 h5 22. Qc1 Kh7 23. Qc2 fxg4 24. hxg4 Qg3+ 25. Rg2 Qxf3 26. gxh5 Qe3+ 27. Kh1 gxh5 28. Rh2 Bg4 29. Rc1 Bf3+ 30. Bg2 Rg8 31. Bxf3 Qxf3+ 32. Rg2 Rg3 33. Rg1 Rag8 34. Nd1 Rh3# 0-1

[Event "*** SCC Grand Prix: Titled Tuesday Blitz"]
[Site "Chess.com"]
[Date "2020.07.21"]
[Round "3"]
[White "DenLaz"]
[Black "tandaleo"]
[Result "1-0"]
[WhiteElo "2713"]
[BlackElo "2330"]
[TimeControl "180+1"]
[EndTime "10:28:07 PDT"]
[Termination "DenLaz won by resignation"]

1. d4 d5 2. c4 e6 3. Nf3 Nf6 4. Nc3 Be7 5. Bg5 h6 6. Bh4 O-O 7. e3 b6 8. Bd3 Bb7 9. O-O Nbd7 10. Qe2 Ne4 11. Bg3 Nxc3 12. bxc3 c5 13. Rfd1 cxd4 14.
cxd4 Rc8 15. cxd5 Bxd5 16. Ba6 Rc3 17. Rdc1 Ra3 18. e4 Bxe4 19. Qxe4 Rxa6 20. Qb7 Ra5 21. Rc7 Rd5 22. Qxa7 Bf6 23. Rac1 Nb8 24. Rb7 Nd7 25. h3 Qe7 26. Rcc7 Rd8 27. Rxb6 Rxd4 28. Rb1 Rd3 29. a4 Qa3 30. a5 Rd5 31. a6 Nc5 32. Rxc5 Rxc5 33. Qb6 Ra5 34. Bc7 Rxa6 35. Qb5 Rda8 36.
Bg3 Qf8 37. Kh2 Ra1 38. Rb3 Qd6 39. Bxd6 1-0

[Event "*** SCC Grand Prix: Titled Tuesday Blitz"]
[Site "Chess.com"]
[Date "2020.07.21"]
[Round "3"]
[White "Skatchkov_V"]
[Black "Bastiandash"]
[Result "1-0"]
[WhiteElo "2585"]
[BlackElo "2355"]
[TimeControl "180+1"]
[EndTime "10:28:07 PDT"]
[Termination "Skatchkov_V won by checkmate"]

1. d4 Nf6 2. c4 e6 3. Nf3 Bb4+ 4.
Nbd2 O-O 5. a3 Be7 6. e4 d6 7. Be2 Nfd7 8. b4 a5 9. Bb2 c5 10. dxc5 dxc5 11. b5 Bf6 12. e5 Be7 13. Ne4 Qc7 14.
O-O Rd8 15. Qc2 b6 16. Rad1 Bb7 17. Nd6 Nf8 18. Nxb7 Qxb7 19. Nd2 Ra7 20. Ne4 Qc8 21. Nd6 Qc7 22. f4 Ng6 23. f5 Nxe5 24. Bxe5 Bxd6 25.
Qd3 Qc8 26. Bxd6 Rad7 27. fxe6 Rxd6 28. exf7+ Kf8 29. Qxh7 Rxd1 30. Bxd1 Nd7 31. Qg8+ Ke7 32. Re1+ Kf6 33. Re8 Qc7 34. f8=Q+ Nxf8 35. Qxf8+ Kg6 36.
Bc2+ Kh6 37. Rxd8 Kg5 38. Rd5+ Kh6 39. Qh8# 1-0

[Event "*** SCC Grand Prix: Titled Tuesday Blitz"]
[Site "Chess.com"]
[Date "2020.07.21"]
[Round "3"]
[White "mikheeva86"]
[Black "anpospan"]
[Result "0-1"]
[WhiteElo "1906"]
[BlackElo "2275"]
[TimeControl "180+1"]
[EndTime "10:28:07 PDT"]
[Termination "anpospan won on time"]

1. e4 Nc6 2. d4 e5 3. dxe5 Nxe5 4. Bf4 Ng6 5. Bg3 Bb4+ 6. c3 Bc5 7. Nf3 Qe7 8. Nbd2 Nf6 9. Bd3 d5 10. Qe2 dxe4 11. Nxe4 Nxe4 12. Bxe4 c6 13. O-O O-O 14.
Rfe1 Be6 15. Rad1 Rad8 16. b4 Bb6 17. Bxg6 hxg6 18. Rxd8 Qxd8 19. Bh4 Qd5 20. a4 a5 21.
Ng5 Bf5 22. c4 Qd3 23. c5 Qxe2 24. Rxe2 Bd8 25. bxa5 Bxa5 26. Rb2 Rd8 27. f3 Rd1+ 28. Kf2 f6 29. Ne4 Bxe4 30. fxe4 Ra1 31. Ke3 Rxa4 32.
Rxb7 f5 33. Re7 Kh7 34. Re6 Ra3+ 35. Kf4 Ra4 36. Bg3 Bc7+ 37. Kf3 fxe4+ 38. Rxe4 Ra3+ 39. Kf2 Bxg3+ 40. hxg3 Rc3 41. Re5 Kg8 42. Kg1 Kf7 43.
Kh2 Kf6 0-1

[Event "*** SCC Grand Prix: Titled Tuesday Blitz"]
[Site "Chess.com"]
[Date "2020.07.21"]
[Round "3"]
[White "GMHess"]
[Black "Lion-Al-Messi"]
[Result "1-0"]
[WhiteElo "2774"]
[BlackElo "2438"]
[TimeControl "180+1"]
[EndTime "10:28:08 PDT"]
[Termination "GMHess won by resignation"]

1. b3 e5 2. Bb2 Nc6 3. e3 Nf6 4. Ne2 d5 5. d3 Bd6 6. Nd2 O-O 7.
h3 Ne7 8. a3 Ng6 9. g3 c5 10.
Bg2 Be6 11. Nc3 d4 12. Nce4 dxe3 13. fxe3 Nd5 14. Qe2 f5 15. Nxd6 Qxd6 16. O-O-O Nf6 17. Bxb7 Rab8 18. Bg2 a5 19. a4 Bd5 20. e4 fxe4 21.
Nxe4 Qc6 22. Nxf6+ Rxf6 23. Bxd5+ Qxd5 24. Rhf1 Rfb6 25. Qf3 Qe6 26. Qf5 Qd5 27. Bc3 Rf6 28. Qe4 Qd8 29. h4 Ne7 30. Qxe5 Nc6 31. Qxc5 Rxf1 32.
Rxf1 Nb4 33. Qc4+ Kh8 34. Bxb4 axb4 35. Rf7 Qe8 36. Kd2 Rc8 37. Re7 Qd8 38. Qf7 Qg8 39.
Qxg8+ Kxg8 40. a5 1-0

[Event "*** SCC Grand Prix: Titled Tuesday Blitz"]
[Site "Chess.com"]
[Date "2020.07.21"]
[Round "3"]
[White "harlem4brew"]
[Black "SHIVACalypso"]
[Result "0-1"]
[WhiteElo "2116"]
[BlackElo "2345"]
[TimeControl "180+1"]
[EndTime "10:28:08 PDT"]
[Termination "SHIVACalypso won by checkmate"]

1. e4 e6 2. d4 d5 3. Nc3 Nf6 4. Bg5 dxe4 5. Nxe4 Be7 6. Nxf6+ Bxf6 7. Bxf6 Qxf6 8. Nf3 O-O 9. Bd3 c5 10. c3 cxd4 11.
Nxd4 e5 12. Ne2 Nc6 13. Qc2 h6 14. Ng3 Be6 15. O-O Rac8 16. Ne4 Qe7 17. Rae1 Nb4 18. Qe2 Nxd3 19. Qxd3 Bc4 20. Qd6 Qc7 21. Re3 Bxf1 22. Qd1 Bc4 23. Qh5 f5 24. Ng5 hxg5 25. Rh3 Qd7 26.
Qh7+ Kf7 27. Qh5+ Kf6 28. Re3 Rh8 29. Qf3 Rcd8 30. h3 Qd1+ 31. Qxd1 Rxd1+ 32. Kh2 Rd2 33. b3 Bd5 34. c4 Bc6 35. f3 g4 36. Re1 gxf3 37.
Rg1 Rxg2+ 38. Rxg2 fxg2 39. b4 Rxh3+ 40. Kxh3 g1=Q 41.
b5 Qg2+ 42. Kh4 Qg4# 0-1

[Event "*** SCC Grand Prix: Titled Tuesday Blitz"]
[Site "Chess.com"]
[Date "2020.07.21"]
[Round "3"]
[White "Violord"]
[Black "GMBenjaminBok"]
[Result "1/2-1/2"]
[WhiteElo "2629"]
[BlackElo "2870"]
[TimeControl "180+1"]
[EndTime "10:28:09 PDT"]
[Termination "Game drawn by repetition"]

1. Nf3 d5 2. g3 c6 3. Bg2 Bg4 4. O-O Nd7 5. d3 Ngf6 6. Qe1 e5 7. e4 dxe4 8. dxe4 a5 9. Nbd2 a4 10. Nc4 Qc7 11. Ne3 Bh5 12. Nf5 Nc5 13. N3h4 Ne6 14. Be3 Ng4 15. Bd2 Bc5 16. h3 Nf6 17. Bc3 O-O 18. Bf3 Bxf3 19. Nxf3 Nd7 20. Rd1 Rfd8 21. Qe2 b5 22. a3 f6 23. h4 g6 24.
Nh6+ Kg7 25. Ng4 h5 26. Ne3 Nb6 27. Ng2 Nc4 28. Nge1 Rxd1 29. Qxd1 Rd8 30. Qe2 Nd4 31. Bxd4 Bxd4 32. c3 Bb6 33. Nd3 Qd7 34. Rd1 Qh3 35. Nde1 Rxd1 36. Qxd1 Qxg3+ 37. Kh1 Qxf2 38. Qd7+ Kh6 39.
Qf7 Qf1+ 40. Kh2 Qe2+ 41. Kh1 Qf1+ 42. Kh2 Qf2+ 43. Kh1 Qf1+ 1/2-1/2

[Event "*** SCC Grand Prix: Titled Tuesday Blitz"]
[Site "Chess.com"]
[Date "2020.07.21"]
[Round "3"]
[White "Iljushin_Alexey"]
[Black "eightbyeightchess"]
[Result "0-1"]
[WhiteElo "2686"]
[BlackElo "2434"]
[TimeControl "180+1"]
[EndTime "10:28:09 PDT"]
[Termination "eightbyeightchess won by resignation"]

1. d4 d5 2. c4 c6 3. Nf3 Nf6 4.
Nc3 dxc4 5. e3 b5 6. a4 b4 7. Na2 e6 8. Bxc4 Be7 9. O-O O-O 10.
Qe2 a5 11. Rd1 Nbd7 12. Bd2 Bb7 13. Nc1 Qc7 14. Nb3 c5 15. Be1 Rac8 16. Bb5 cxd4 17. Nfxd4 Ne5 18. f3 Rfd8 19. Bg3 Nh5 20. Bf2 Ng6 21.
Rac1 Qb6 22. Rxc8 Rxc8 23. e4 Nhf4 24. Qd2 Qd8 25. Be3 Bd6 26. Nxe6 fxe6 27. Qxd6 Qg5 28. Qd2 Nh4 29. Bxf4 Nxf3+ 30. Kh1 Nxd2 31. Bxg5 Nxb3 32. Bd7 Kf7 33. Bxc8 Bxc8 34. Be3 Ba6 35. Kg1 e5 36.
Rd7+ Ke6 37. Rxg7 Bd3 38. Rxh7 Bxe4 39. h4 Bxh7 40. Kf2 Nd4 41. g4 Bc2 42. h5 Bxa4 43. h6 Bc2 44. Bd2 Nc6 45. Ke3 a4 46. Bc1 Bg6 47.
Kd2 Kd5 48. Ke3 Nd4 49. Bd2 a3 50. bxa3 bxa3 51. Bc3 a2 52. g5 Nb3 53. Kf3 a1=Q 54.
Bxa1 Nxa1 55. h7 Bxh7 56. Kg4 Bg6 57. Kh4 Ke6 0-1

[Event "*** SCC Grand Prix: Titled Tuesday Blitz"]
[Site "Chess.com"]
[Date "2020.07.21"]
[Round "3"]
[White "Panterov"]
[Black "ketster"]
[Result "1/2-1/2"]
[WhiteElo "2155"]
[BlackElo "2371"]
[TimeControl "180+1"]
[EndTime "10:28:09 PDT"]
[Termination "Game drawn by repetition"]

1. e4 e5 2. Nf3 Nc6 3. d4 exd4 4. Nxd4 Bb4+ 5. c3 Bc5 6. Be3 Bb6 7. Nd2 Nf6 8. Be2 O-O 9. Bf3 d5 10. O-O Nxd4 11.
Bxd4 Bxd4 12. cxd4 dxe4 13. Nxe4 Nd5 14. Qb3 c6 15.
Rfe1 b6 16. Rac1 Bb7 17. Nc3 Nf4 18. Rcd1 Qg5 19. g3 Rad8 20. h4 Qg6 21. Be4 Qg4 22.
Kh2 Ne6 23. Bg2 Nxd4 24. Qa4 Nf3+ 25. Bxf3 Qxf3 26. Qf4 Qxf4 27. gxf4 Bc8 28. Re7 Rxd1 29. Nxd1 Rd8 30. Ne3 Bd7 31. Re5 f6 32. Re4 Kf7 33.
Ra4 a5 34. Rd4 Ke7 35. Nc4 Rb8 36. Re4+ Kf8 37. Re3 a4 38. b3 b5 39. Nd6 axb3 40. axb3 Rd8 41. Nb7 Rb8 42. Nc5 Bc8 43. h5 h6 44. Rd3 Ke7 45. b4 Ra8 46. Re3+ Kd6 47. Rd3+ Kc7 48. Re3 Kd8 49. Rd3+ Ke7 50. Re3+ Kd8 51.
Rd3+ Ke7 1/2-1/2

[Event "*** SCC Grand Prix: Titled Tuesday Blitz"]
[Site "Chess.com"]
[Date "2020.07.21"]
[Round "3"]
[White "renehp"]
[Black "BogdanDeac"]
[Result "0-1"]
[WhiteElo "2441"]
[BlackElo "2788"]
[TimeControl "180+1"]
[EndTime "10:28:10 PDT"]
[Termination "BogdanDeac won by resignation"]

1. e4 c5 2. Nf3 d6 3. d4 cxd4 4.
Nxd4 Nf6 5. Nc3 a6 6. Be3 e6 7.
f3 b5 8. Qd2 Nbd7 9. g4 h6 10.
O-O-O b4 11. Nce2 Qc7 12. h4 d5 13. Nf4 dxe4 14. Ndxe6 fxe6 15. Nxe6 Qc6 16. Nd4 Qd5 17. b3 Ne5 18. f4 Nexg4 19. Bc4 Qd8 20. Qe2 Nxe3 21. Nc6 Qc7 22. Rd8+ Qxd8 23. Nxd8 Nxc4 24. Nc6 Nb6 25. Qe3 Nbd5 26. Qd4 Bd6 27. Ne5 O-O 28.
Rg1 Bf5 29. Kb2 Rac8 30. Nc4 Bxf4 31. Rf1 Rfd8 32. Rxf4 Nxf4 33. Qe5 Be6 34. Qxf4 Bxc4 35. bxc4 Rxc4 36. h5 Rdc8 37. Qf5 Rxc2+ 38. Kb3 R2c3+ 39.
Kb2 R8c6 40. Qe5 R3c5 41. Qe7 Rxh5 42. Qd8+ Kh7 0-1

[Event "*** SCC Grand Prix: Titled Tuesday Blitz"]
[Site "Chess.com"]
[Date "2020.07.21"]
[Round "3"]
[White "doctorcristian"]
[Black "Korchmar_Vasiliy"]
[Result "0-1"]
[WhiteElo "2400"]
[BlackElo "2627"]
[TimeControl "180+1"]
[EndTime "10:28:10 PDT"]
[Termination "Korchmar_Vasiliy won by checkmate"]

1. d4 Nf6 2. Nc3 g6 3. e4 Bg7 4. e5 Ng8 5. Be3 d6 6. f4 Nh6 7. Nf3 Bg4 8. h3 Bxf3 9. Qxf3 Nf5 10. Bf2 c5 11. O-O-O cxd4 12. Bb5+ Nd7 13. Bxd4 Nxd4 14. Rxd4 O-O 15. Rd2 a6 16. Bxd7 Qxd7 17. exd6 exd6 18. Nd5 Rac8 19. c3 Rc5 20. Kb1 b5 21. Rhd1 a5 22. a3 Rb8 23. g4 Qb7 24. Re2 b4 25.
Re8+ Rxe8 26. Nf6+ Bxf6 27. Qxb7 bxc3 28. bxc3 Rxc3 29.
g5 Bg7 30. Qb5 Ree3 31. Qb8+ Bf8 32. Kb2 a4 33. Qa8 Rb3+ 34. Kc2 Rbc3+ 35. Kb2 Rb3+ 36. Kc2 Rxa3 37. Rxd6 Re2+ 38. Kd1 Rh2 39. Rd2 Ra1+ 40. Kc2 Ra2+ 41. Kc3 Rhxd2 42. h4 Rac2# 0-1

[Event "*** SCC Grand Prix: Titled Tuesday Blitz"]
[Site "Chess.com"]
[Date "2020.07.21"]
[Round "3"]
[White "talaicito"]
[Black "lucliasco"]
[Result "0-1"]
[WhiteElo "2059"]
[BlackElo "2735"]
[TimeControl "180+1"]
[EndTime "10:28:10 PDT"]
[Termination "lucliasco won by resignation"]

1. d4 d6 2. e4 Nf6 3. Nc3 Nbd7 4. Bc4 e5 5. Nf3 Be7 6. g4 h6 7. g5 hxg5 8. Nxg5 O-O 9. Be3 exd4 10. Qxd4 Ne5 11. O-O-O Nxc4 12. Qxc4 Ng4 13. h4 Nxe3 14. fxe3 Bxg5 15. hxg5 Qxg5 16. Qxc7 Qxe3+ 17. Kb1 Bg4 18. Rd3 Qc5 19. Qxb7 Be6 20. Nd5 Bxd5 21. Qxd5 Qxd5 22. Rxd5 Rfe8 23. Rdh5 f6 24. Kc1 Kf7 25. R5h4 Rad8 26.
c4 g5 27. Rh7+ Ke6 28. Rxa7 Ke5 29. Re1 g4 30. Ra5+ Ke6 31. Rg1 Rg8 32. Rg3 Rc8 33.
b3 Rc5 34. Rxc5 dxc5 35. Kd2 f5 36. Ke3 Ke5 37. exf5 Kxf5 38. Rg1 Rh8 39. Kf2 Rh2+ 40. Rg2 Rh1 41. Kg3 Rh3+ 42. Kf2 Kf4 43. Ke2 Rc3 44. Rf2+ Ke4 45. Rg2 g3 46. Kf1 Kf3 47. Rxg3+ Kxg3 48. Ke2 Rc2+ 49. Kd3 Rxa2 50. Ke4 Rb2 51. Kd5 Rxb3 52. Kxc5 Kf4 53. Kd6 Kf5 54. c5 Kf6 55. c6 Rd3+ 56. Kc7 Ke7 57. Kb7 Rc3 58. c7 Kd7 59. c8=Q+ Rxc8 0-1

[Event "*** SCC Grand Prix: Titled Tuesday Blitz"]
[Site "Chess.com"]
[Date "2020.07.21"]
[Round "3"]
[White "grunbergmihai"]
[Black "EugeneRougon"]
[Result "1/2-1/2"]
[WhiteElo "2433"]
[BlackElo "2724"]
[TimeControl "180+1"]
[EndTime "10:28:11 PDT"]
[Termination "Game drawn by repetition"]

1. Nf3 d5 2. c4 c6 3. g3 Bg4 4.
Bg2 Nd7 5. O-O Bxf3 6. Bxf3 Ne5 7. cxd5 Nxf3+ 8. exf3 Qxd5 9. d4 e6 10. Nc3 Qd7 11.
Re1 Nf6 12. Bg5 Nd5 13. Qb3 Be7 14. Bxe7 Nxe7 15. Ne4 b6 16. Rac1 O-O 17. Qc4 Rfd8 18. Red1 Qd5 19. Qxd5 Rxd5 20. Nc3 Rd7 21. Ne2 Rad8 22.
Rd3 c5 23. Rcd1 Nc6 24. Kg2 f6 25. f4 Nb4 26. Rb3 Nc6 27. Rbd3 Kf7 28. Kf3 cxd4 29. Ke4 e5 30. fxe5 fxe5 31. f4 exf4 32. gxf4 Re7+ 33.
Kf3 Rde8 34. Nxd4 Nxd4+ 35. Rxd4 Re3+ 36. Kg4 Re2 37. Rd7+ R8e7 38. R7d2 Rxd2 39. Rxd2 Kf6 40. Rd6+ Re6 41. Rd7 Re7 42. Rd6+ Re6 43. Rd7 Re7 44. Rd6+ 1/2-1/2